 Dungeon Crawl Stone Soup version 0.32-a0-472-gc2b5402 (webtiles) character file.

Game seed: 17397483271804899009

337846 korenl137 the Executioner (level 20, 0/139 HPs)
             Began as a Gargoyle Berserker on Feb 25, 2024.
             Was the Champion of Trog.
             Slain by a +0 spectral demon trident (7 damage)
             ... created by Asterion
             ... on level 2 of the Vaults.
             The game lasted 01:29:30 (45742 turns).

korenl137 the Executioner (Gargoyle Berserker)     Turns: 45742, Time: 01:29:31

Health: 0/139      AC: 51    Str: 28    XL:     20   Next: 94%
Magic:  6/6        EV:  6    Int: 10    God:    Trog [******]
Gold:   1981       SH: 19    Dex:  9    Spells: 19/19 levels left

rFire   + . .        b - +3 broad axe (antimagic) {god gift}
rCold   + + .        v - +0 tower shield {rPois}
rNeg    + . .        P - +1 crystal plate armour {rC+}
rPois   ∞            e - +1 hat
rElec   +            i - +1 cloak of Exclusion {rElec rC+}
rCorr   .            J - +0 pair of gloves
SInv    .            N - +2 pair of boots {Fly}
Will    ++++.        E - amulet of regeneration Stlth
                     w - ring of willpower
HPRegen 2.23/turn    f - ring of protection from fire
MPRegen 0.10/turn

%: no passive effects
@: strong-willed, flying, regenerating, studying Short Blades
A: sickness immunity, AC +15, big wings, negative energy resistance 1,
electricity resistance, torment resistance 1, petrification resistance
}: 2/15 runes: decaying, serpentine
a: Renounce Religion, Berserk, Trog's Hand, Brothers in Arms


You were on level 2 of the Vaults.
You worshipped Trog.
Trog was exalted by your worship.
You visited 7 branches of the dungeon, and saw 35 of its levels.
You also visited: Sewer, Ossuary, Ice Cave and Volcano.

You collected 4059 gold pieces.
You spent 2078 gold pieces at shops.

Inventory:

Hand Weapons
 a - a +7 broad axe of electrocution {god gift}
 b - a +3 antimagic broad axe (weapon) {god gift}
Missiles
 t - 26 boomerangs (quivered)
 x - 5 silver javelins
 C - 6 curare-tipped darts
 Z - a throwing net {!f}
Armour
 e - a +1 hat (worn)
 i - the +1 cloak of Exclusion (worn) {rElec rC+}
   (You found it on level 3 of the Elven Halls)

   rC+:       It protects you from cold.
   rElec:     It insulates you from electricity.
 v - a +0 tower shield of poison resistance (worn)
 z - a +2 chain mail of fire resistance
 J - a +0 pair of gloves (worn)
 N - a +2 pair of boots of flying (worn)
 P - a +1 crystal plate armour of cold resistance (worn)
Jewellery
 f - a ring of protection from fire (right hand)
 r - a ring of resist corrosion
 u - the ring of Hadwoi Fixam {rC+ Str+6}
   (You bought it in a shop on level 1 of the Orcish Mines)

   [ring of strength]

   Str+6:     It affects your strength (+6).
   rC+:       It protects you from cold.
 w - a ring of willpower (left hand)
 E - an amulet of regeneration (around neck)
Wands
 I - a wand of iceblast (37)
 V - a wand of mindburst (26)
 X - a wand of quicksilver (12)
Scrolls
 c - 10 scrolls of amnesia
 d - 5 scrolls of silence
 h - 6 scrolls of immolation
 j - 2 scrolls of enchant armour
 k - a scroll of butterflies
 l - 2 scrolls of poison
 o - 8 scrolls of noise
 q - 12 scrolls of fog
 y - 3 scrolls of fear
 B - 3 scrolls of blinking {!r}
 M - 3 scrolls of revelation
 R - a scroll of identify
 T - 7 scrolls of teleportation {!r}
Potions
 m - 5 potions of heal wounds {!q}
 n - 4 potions of brilliance
 p - 4 potions of invisibility
 s - a potion of magic
 A - 3 potions of cancellation
 D - 2 potions of attraction
 F - 5 potions of might
 G - 5 potions of enlightenment
 H - 2 potions of haste
 L - 4 potions of mutation {!q}
 Q - 16 potions of curing
 S - a potion of lignification
 W - a potion of berserk rage
 Y - a potion of resistance
Miscellaneous
 g - a lightning rod (4/4)
 K - a phantom mirror
 O - a condenser vane
 U - a phial of floods


   Skills:
 + Level 19.4 Fighting
 - Level 21.0 Axes
 - Level 18.0 Armour
 - Level 1.5 Dodging
 + Level 19.4 Shields


You had 19 spell levels left.
You didn't know any spells.
Your spell library contained the following spells:

 Spells                   Type           Power      Damage    Failure   Level
 Petrify                  Alch/Erth      0%         N/A       100%        4
 Irradiate                Conj/Alch      0%         3d11      100%        5
 Sublimation of Blood     Necr           Unusable   N/A       N/A         2

Dungeon Overview and Level Annotations

Branches:
Dungeon (15/15)            Temple (0/1) D:7            Lair (5/5) D:8
  Swamp (4/4) Lair:3        Snake (4/4) Lair:3        Slime (0/5) Lair:5
    Orc (2/2) D:9             Elf (3/3) Orc:2        Vaults (2/5) D:13
 Depths (0/4) D:15          Sewer (visited)         Ossuary (visited)
  IceCv (visited)         Volcano (visited)
  Crypt: Vaults:2-3

Altars:
Elyvilon
Fedhas
Gozag
Hepliaklqana
Makhleb
Nemelex Xobeh
Qazlal
Ru
Sif Muna
Trog
Uskayaw
Vehumet
Wu Jian
Yredelemnul
Zin
The Shining One
Beogh

Shops:
D:1 :   D:5 :   Orc:1 =   Orc:2 *=([   Elf:2 :   Snake:3 :   Snake:4 *
Vaults:1 (

Portals:
Hell: Lair:5

Annotations:
D:4 3 runed translucent doors, arrowsters's ghost, amateur OnMo
D:10 exclusion: oklob plant
Swamp:4 Lernaean hydra
Elf:2 3 runed translucent doors, Roxanne
Vaults:2 Asterion


Innate Abilities, Weirdness & Mutations

You are immune to sickness and miasma.
Your stone body is resilient. (AC +15)
You are immune to poison.
Your large and strong wings let you fly.
You resist negative energy. (rN+)
You are resistant to electric shocks. (rElec)
You are resistant to unholy torment.
You are immune to petrification.


Message History

Your stone giant goes berserk!
Asterion hits you but does no damage. The +0 spectral demon trident hits you.
Asterion gores you but does no damage.
You take 4 HP, and have [48/139] HP Unknown command.
Unknown command.
Asterion blocks your attack.
Asterion is moderately wounded.
You hit the +0 spectral demon trident.
Asterion shares his spectral weapon's damage!
You hit the yaktaur captain. You block Asterion's attack.
The +0 spectral demon trident hits you but does no damage.
Asterion gores you but does no damage.
The yaktaur captain is engulfed in poison gas.
The yaktaur captain looks as sick as possible!
The yaktaur captain hits you!
* * * LOW HITPOINT WARNING * * *
You take 7 HP, and have [41/139] HP Unknown command.
Unknown command.
Unknown command.
Unknown command.
You slice Asterion!!
Asterion is heavily wounded.
You slice the yaktaur captain!!
You kill the yaktaur captain!
Trog accepts your kill.
You slice the +0 spectral demon trident!!
Asterion shares his spectral weapon's damage!
The +0 spectral demon trident disappears.
Asterion conjures a destructive force in the name of Makhleb!
The fireball explodes!
The fireball engulfs you!! You resist.
* * * LOW HITPOINT WARNING * * *
The fireball engulfs your stone giant!!!
The fireball engulfs Asterion!!
Asterion blocks your stone giant's attack.
You hear a screech!
You hear a shout! x3
You take 19 HP, and have [22/139] HP Unknown command.
Unknown command.
Unknown command.
You hit Asterion but do no damage.
Asterion is almost dead.
You hit the balrug but do no damage.
Asterion hits you with a +0 spectral demon trident!
* * * LOW HITPOINT WARNING * * *
The +0 spectral demon trident hits you!
You die...

.......H.§§§.....#########....#
##'#####.§..○○.☼°'.. #....#
##.2.###§§§§☼☼.○.# #....#
#)....##...°○....# #....#
#.....##..○°...☼☼# #....#
#)....##...°..°☼.# #....#
#....)##...☼.○☼°☼# #....#
#)....##..○.○.○(2#########....#
########....°☼○H@☼............#
#.......C..............#
........................#
+#########.[............#
#.[...........|#
#..............#
#..............#
#..............#
######..............#


You could see Asterion (fast, extremely poisoned, ally target), a balrug
(summoned), a +0 spectral demon trident (wandering) and a friendly stone giant
(summoned, berserk).

Vanquished Creatures
  Bai Suzhen (Swamp:4)
  Mlioglotl (Snake:1)
  A deep elf blademaster (Elf:3)
  A sphinx (Vaults:1)
  A deep elf master archer (Elf:3)
  A thorn hunter (Swamp:3)
  5 nagarajas
  A frost giant (D:15)
  3 deep elf elementalists (Elf:3)
  11 deep elf sorcerers
  A vault warden (Vaults:2)
  2 ghouls (Swamp:4)
  6 ironbound preservers
  A reaper (IceCv)
  2 ironbound thunderhulks
  An orc warlord (Orc:2)
  Nessos (D:12)
  5 deep elf annihilators
  4 eleionomae
  2 deep elf demonologists (Elf:3)
  8 deep elf death magi
  A red draconian (Volcano)
  8 dire elephants
  A minotaur (D:12)
  2 bunyips
  2 crystal guardians (Vaults:2)
  Snorg (D:12)
  3 deep elf high priests (Elf:3)
  A yaktaur captain (Vaults:2)
  A sphinx zombie (Vaults:2)
  2 great orbs of eyes
  5 salamander tyrants
  Erolcha (Orc:1)
  20 hydras
  2 ogre magi
  6 anacondas
  A spriggan air mage (Swamp:4)
  15 centaur warriors
  4 ghost crabs
  A peacekeeper (Vaults:2)
  11 boulder beetles
  6 alligators
  An ironbound frostheart (Vaults:1)
  12 dancing weapons
  13 two-headed ogres
  3 tengu warriors
  10 naga warriors
  An occultist (Lair:5)
  12 spriggans
  6 naga sharpshooters
  2 demonic crawlers
  3 orc high priests
  7 shock serpents
  10 deep elf knights
  A sun demon (Lair:5)
  A skyshark (Lair:2)
  9 salamander mystics
  10 goliath frogs
  2 arcanists (Vaults:1)
  10 bog bodies
  10 deep trolls
  6 spriggan druids
  11 swamp dragons
  5 mana vipers
  6 naga ritualists
  20 deep elf archers
  A glowing orange brain (Vaults:1)
  3 ironbound convokers (Vaults:1)
  4 orc knights
  7 lindwurms
  16 deep elf zephyrmancers
  A necromancer (Vaults:2)
  A tengu skeleton (Vaults:2)
  22 deep elf pyromancers
  A will-o-the-wisp (Swamp:4)
  27 ugly things
  6 cyclopes
  3 orc sorcerers
  6 manticores
  10 salamanders
  An elephant (Lair:5)
  5 kobold blastminers
  Joseph (D:9)
  37 black mambas
  3 orange demons
  A torpor snail (Lair:2)
  2 ice statues (IceCv)
  8 vault sentinels
  4 guardian serpents
  21 naga magi
  An unseen horror (D:13)
  5 yaktaurs
  15 cane toads
  Jeremiah (D:9)
  6 rime drakes
  8 komodo dragons
  Psyche (D:9)
  5 kobold demonologists
  A red devil (Lair:5)
  11 ice devils
  5 trolls
  2 anaconda simulacra (IceCv)
  2 tengu conjurers
  A bloated husk (Swamp:1)
  A hellwing (Lair:5)
  11 tyrant leeches
  A queen bee (shapeshifter) (D:15)
  10 hornets
  Grinder (D:4)
  10 dream sheep
  8 polar bears
  12 blink frogs
  15 slime creatures
  A dire elephant simulacrum (IceCv)
  A culicivora (shapeshifter) (D:15)
  2 air elementals
  48 yaks
  7 vampires
  Eustachio (D:4)
  6 shadows
  A human (shapeshifter) (Elf:1)
  3 wraiths
  3 wyverns
  4 basilisks
  3 fire elementals
  8 fire bats (Volcano)
  2 wargs
  A steam dragon (D:9)
  4 swamp worms
  11 vampire mosquitoes
  3 harpy simulacra (IceCv)
  33 nagas
  4 hell hounds (Lair:5)
  4 hydra simulacra (IceCv)
  Duvessa (D:5)
  21 water moccasins
  4 black bears
  9 swamp drakes
  A glowing shapeshifter skeleton (Vaults:2)
  25 orc warriors
  3 sky beasts (D:7)
  9 ogres
  2 boggarts (Vaults:1)
  9 centaurs
  A phantom (D:6)
  4 kobold brigands
  A brain worm (shapeshifter) (D:13)
  20 bullfrogs
  A two-headed ogre simulacrum (IceCv)
  A cane toad simulacrum (IceCv)
  11 scorpions
  8 wights
  Dowan (D:5)
  An elephant simulacrum (IceCv)
  6 killer bees (D:9)
  2 howler monkeys
  4 lava snakes (Volcano)
  2 bombardier beetles (D:5)
  3 human zombies
  15 orc priests
  A jelly (D:5)
  7 centaur zombies
  2 sleepcaps
  23 orc wizards
  2 iguanas (D:5)
  2 scorpion zombies (Ossuary)
  6 hell rats (Lair:2)
  3 mummies (Ossuary)
  Robin (D:3)
  4 gnolls (D:5)
  10 adders
  A shadow imp (D:7)
  An ufetubus (IceCv)
  An adder zombie (Ossuary)
  8 dart slugs
  A ribbon worm (D:5)
  81 orcs
  16 ball pythons
  15 endoplasms
  12 giant cockroaches
  17 goblins
  12 hobgoblins
  10 jackals
  2 quokkas
  5 ball python zombies (Ossuary)
  4 bats
  16 frilled lizards
  2 gnoll zombies (Ossuary)
  20 kobolds
  4 orc zombies (Ossuary)
  8 rats
  A spectral goblin (D:10)
  A spectral weapon (Vaults:2)
1262 creatures vanquished.

Vanquished Creatures (collateral kills)
  A deep elf master archer (Elf:3)
  2 deep elf blademasters (Elf:3)
  2 nagarajas (Snake:4)
  A deep elf sorcerer (Elf:3)
  2 deep elf death magi (Elf:3)
  A hydra (Lair:5)
  4 naga warriors (Snake:4)
  4 naga sharpshooters (Snake:4)
  A naga ritualist (Snake:4)
  An orc knight (D:15)
  A black mamba (Snake:4)
  3 naga magi (Snake:4)
  A blink frog (Lair:5)
  5 slime creatures (D:15)
  A naga (Snake:4)
  An orc priest (D:15)
  An orc (D:15)
32 creatures vanquished.

Vanquished Creatures (others)
  2 deep elf knights
  A deep elf zephyrmancer (Elf:2)
  2 bloated husks (Swamp:4)
  A vampire (D:11)
  A boggart (Vaults:1)
  An orc priest (Orc:2)
  2 orc wizards
  An orc (D:9)
  2 foxfires (Swamp:4)
13 creatures vanquished.

Grand Total: 1307 creatures vanquished

Notes
Turn   | Place    | Note
-------+----------+-------------------------------------------
     0 | D:1      | korenl137 the Gargoyle Berserker began the quest for the
                  | Orb.
     0 | D:1      | Reached XP level 1. HP: 14/14 MP: 1/1
   115 | D:1      | Reached XP level 2. HP: 19/19 MP: 2/2
   115 | D:1      | Found Gairodig's Book Boutique.
   355 | D:1      | Reached skill level 3 in Axes
  1047 | D:2      | Reached XP level 3. HP: 21/24 MP: 3/3
  1120 | D:2      | Reached ** piety under Trog
  1123 | D:2      | Found a stormy altar of Qazlal.
  2430 | D:3      | Reached XP level 4. HP: 28/29 MP: 4/4
  2505 | D:3      | Noticed Robin
  2515 | D:3      | Killed Robin
  2516 | D:3      | Reached skill level 3 in Armour
  2659 | D:3      | Reached *** piety under Trog
  3013 | D:4      | Found a sacrificial altar of Ru.
  3063 | D:4      | Found a sparkling altar of Nemelex Xobeh.
  3063 | D:4      | Noticed Eustachio
  3092 | D:4      | Killed Eustachio
  3093 | D:4      | Reached skill level 4 in Axes
  3093 | D:4      | Reached XP level 5. HP: 33/35 MP: 5/5
  3093 | D:4      | Reached XP level 6. HP: 38/40 MP: 6/6
  3120 | D:4      | Found a runed translucent gate.
  3132 | D:4      | Found a runed translucent gate.
  3132 | D:4      | Found a runed translucent gate.
  3208 | D:4      | Found a sand-covered staircase.
  3213 | Ossuary  | Entered an ossuary
  3397 | Ossuary  | Reached XP level 7. HP: 33/45 MP: 7/7
  3401 | Ossuary  | Reached skill level 6 in Fighting
  3401 | Ossuary  | Reached skill level 5 in Axes
  3733 | Ossuary  | Reached XP level 8. HP: 40/52 MP: 8/8
  4052 | D:4      | Found a white marble altar of Elyvilon.
  4067 | D:4      | Noticed Grinder
  4081 | D:4      | Paralysed by Grinder for 5 turns
  4092 | D:4      | Paralysed by Grinder for 4 turns
  4098 | D:4      | Killed Grinder
  4099 | D:4      | Reached skill level 6 in Axes
  4160 | D:4      | Identified the +7 morningstar "Ohystyap" {drain, *Noise
                  | rF++ MP+9 SInv}
  4342 | D:4      | Noticed arrowsters's ghost (amateur OnMo)
  4349 | D:4      | Found a basalt altar of Yredelemnul.
  4622 | D:4      | Found a glowing golden altar of the Shining One.
  4743 | D:5      | Entered Level 5 of the Dungeon
  4743 | D:5      | Found Taavyqic's Book Emporium.
  4826 | D:5      | Noticed Duvessa
  4844 | D:5      | Killed Duvessa
  4845 | D:5      | Reached skill level 1 in Shields
  4871 | D:5      | Noticed Dowan
  4877 | D:5      | Killed Dowan
  4877 | D:5      | Reached **** piety under Trog
  5130 | D:5      | Found a glowing drain.
  5134 | Sewer    | Entered a sewer
  5442 | Sewer    | Reached XP level 9. HP: 56/59 MP: 9/9
  5442 | Sewer    | Reached ***** piety under Trog
  5465 | Sewer    | Reached skill level 7 in Axes
  5761 | D:5      | Found a bloodstained altar of Trog.
  6297 | D:6      | Found an opulent altar of Gozag.
  6372 | D:6      | Found a radiant altar of Vehumet.
  6484 | D:6      | Reached skill level 6 in Armour
  6579 | D:6      | Reached skill level 3 in Shields
  6702 | D:6      | Reached skill level 9 in Fighting
  7331 | D:7      | Found a hide-covered altar of Uskayaw.
  7331 | D:7      | Found a shimmering blue altar of Sif Muna.
  7331 | D:7      | Found a glowing silver altar of Zin.
  7531 | D:7      | Reached skill level 8 in Axes
  7615 | D:7      | Reached XP level 10. HP: 67/67 MP: 10/10
  7700 | D:7      | Found a staircase to the Ecumenical Temple.
  8347 | D:8      | Found an ornate altar of the Wu Jian Council.
  8384 | D:8      | Received a gift from Trog
  8515 | D:8      | Reached skill level 9 in Axes
  8526 | D:8      | Found a staircase to the Lair.
  9423 | D:9      | Noticed a centaur warrior
  9428 | D:9      | Noticed Joseph
  9428 | D:9      | Noticed Psyche
  9431 | D:9      | Killed a centaur warrior
  9432 | D:9      | Reached XP level 11. HP: 74/74 MP: 3/11
  9439 | D:9      | Killed Psyche
  9709 | D:9      | Killed Joseph
  9710 | D:9      | Reached skill level 6 in Shields
  9822 | D:9      | Found a staircase to the Orcish Mines.
  9845 | D:9      | Noticed Jeremiah
 10108 | D:9      | Noticed a two-headed ogre
 10121 | D:9      | Killed a two-headed ogre
 10122 | D:9      | Reached skill level 10 in Axes
 10202 | D:9      | Noticed a sun demon
 10217 | D:9      | Killed Jeremiah
 10347 | D:9      | Reached skill level 12 in Fighting
 10401 | D:9      | Noticed a soul eater
 10416 | D:9      | Received a gift from Trog
 10488 | D:9      | Noticed a two-headed ogre
 10499 | D:9      | Killed a two-headed ogre
 10807 | D:10     | Entered Level 10 of the Dungeon
 11011 | D:10     | Noticed a deep elf pyromancer
 11023 | D:10     | Killed a deep elf pyromancer
 11119 | D:10     | Found a burning altar of Makhleb.
 11258 | D:10     | Found a blossoming altar of Fedhas.
 11327 | D:10     | Found a hazy altar of Hepliaklqana.
 11456 | D:10     | Noticed an oklob plant
 11776 | D:11     | Reached XP level 12. HP: 71/82 MP: 4/12
 11786 | D:11     | Reached skill level 11 in Axes
 11786 | D:11     | Reached skill level 9 in Armour
 12163 | D:11     | Noticed a two-headed ogre
 12169 | D:11     | Killed a two-headed ogre
 12314 | D:11     | Noticed a two-headed ogre
 12314 | D:11     | Noticed a boulder beetle
 12328 | D:11     | Killed a two-headed ogre
 12329 | D:11     | Killed a boulder beetle
 13000 | D:12     | Found a runed translucent door.
 13087 | D:12     | Noticed Nessos
 13125 | D:12     | Killed Nessos
 13592 | D:12     | Noticed a boulder beetle
 13601 | D:12     | Killed a boulder beetle
 13615 | D:12     | Reached skill level 12 in Axes
 13929 | D:12     | Received a gift from Trog
 14210 | D:12     | Noticed Snorg
 14225 | D:12     | Killed Snorg
 14226 | D:12     | Reached XP level 13. HP: 69/90 MP: 4/13
 14682 | D:12     | Noticed a minotaur
 14691 | D:12     | Killed a minotaur
 15334 | D:13     | Noticed an ironbound preserver
 15491 | D:13     | Found a gate to the Vaults.
 16262 | D:14     | Reached skill level 15 in Fighting
 16262 | D:14     | Reached skill level 9 in Shields
 16602 | D:14     | Reached skill level 13 in Axes
 17657 | D:15     | Entered Level 15 of the Dungeon
 17723 | D:15     | Gained mutation: Your large and strong wings let you fly.
                  | [Gargoyle growth]
 17723 | D:15     | Reached XP level 14. HP: 50/98 MP: 4/14
 17891 | D:15     | Reached skill level 14 in Axes
 18717 | D:13     | Reached skill level 12 in Armour
 18956 | D:15     | HP: 1/98 [white ugly thing (30)]
 19402 | D:15     | Found a staircase to the Depths.
 19402 | D:15     | Noticed a frost giant
 19412 | D:15     | Killed a frost giant
 19782 | Lair:1   | Entered Level 1 of the Lair of Beasts
 19870 | Lair:1   | Reached skill level 15 in Axes
 20420 | Lair:2   | Reached XP level 15. HP: 103/103 MP: 5/15
 20620 | Lair:3   | Found a staircase to the Snake Pit.
 20632 | Lair:3   | Reached skill level 12 in Shields
 20927 | Lair:4   | Found a frozen archway.
 20951 | IceCv    | Entered an ice cave
 21642 | IceCv    | Reached skill level 16 in Axes
 21751 | Lair:5   | Entered Level 5 of the Lair of Beasts
 21974 | Lair:5   | Received a gift from Trog
 22066 | Lair:5   | Identified the staff of Dosh {^Contam rF+++ rC+ MP+9 SInv
                  | Ice}
 22928 | Lair:5   | Found a burning altar of Makhleb.
 23010 | Lair:5   | Found a gateway to Hell.
 23011 | Lair:5   | Got an earthy gem with 1341 turns to spare
 23029 | Lair:5   | Identified the staff "Hoemp" {rF+++ rCorr Int-3 Tloc Earth}
 23474 | Lair:5   | Found a staircase to the Slime Pits.
 25574 | Lair:3   | Reached skill level 17 in Axes
 25574 | Lair:3   | Reached XP level 16. HP: 87/108 MP: 1/16
 25791 | Lair:3   | Found a staircase to the Swamp.
 26116 | Lair:3   | Identified the +0 chain mail of Poor Excuses {-Cast Harm
                  | rElec Dex+6}
 27055 | Orc:1    | Entered Level 1 of the Orcish Mines
 27055 | Orc:1    | Noticed Erolcha
 27062 | Orc:1    | Killed Erolcha
 27567 | Orc:1    | Found a dark tunnel.
 27572 | Volcano  | Entered a volcano
 27845 | Volcano  | Found a radiant altar of Vehumet.
 28132 | Orc:1    | Found Gearuf's Jewellery Emporium.
 28452 | Orc:2    | Entered Level 2 of the Orcish Mines
 29039 | Orc:2    | Received a gift from Trog
 29501 | Orc:2    | Found a roughly hewn altar of Beogh.
 29570 | Orc:2    | Found Gifrumyc's Antique Armour Emporium.
 29583 | Orc:2    | Found a staircase to the Elven Halls.
 29749 | Orc:2    | Found Hysap's Antique Weapon Emporium.
 29766 | Orc:2    | Found Xitaor's General Store.
 29773 | Orc:2    | Bought a wand of quicksilver (3) for 126 gold pieces
 29773 | Orc:2    | Bought a wand of iceblast (3) for 72 gold pieces
 29782 | Orc:2    | Found Okluv's Jewellery Emporium.
 30037 | Orc:2    | Bought an amulet of regeneration for 480 gold pieces
 30107 | Orc:1    | Bought a ring of willpower for 350 gold pieces
 30107 | Orc:1    | Bought the ring of Hadwoi Fixam {rC+ Str+6} for 700 gold
                  | pieces
 30107 | Orc:1    | Bought a ring of protection from fire for 350 gold pieces
 30226 | Snake:1  | Entered Level 1 of the Snake Pit
 30597 | Snake:2  | Reached skill level 18 in Axes
 31021 | Snake:3  | Found a shimmering blue altar of Sif Muna.
 31030 | Snake:3  | Received a gift from Trog
 31198 | Snake:3  | Reached XP level 17. HP: 91/113 MP: 5/17
 31308 | Snake:4  | Entered Level 4 of the Snake Pit
 31544 | Snake:4  | Found Quevot Laih's Overcharged Wands.
 31701 | Snake:4  | Reached skill level 15 in Shields
 31706 | Snake:4  | Reached skill level 15 in Armour
 31803 | Snake:4  | Received a gift from Trog
 31849 | Snake:4  | Got a jade gem with 853 turns to spare
 31851 | Snake:4  | Got a serpentine rune of Zot
 32912 | Snake:3  | Found Syaxuat's Tremendous Tomes.
 33314 | Snake:2  | Reached skill level 19 in Axes
 33706 | Snake:1  | Identified the +8 falchion "Liamat" {freeze, rF+ Int+3}
 34254 | Snake:1  | Found a shimmering blue altar of Sif Muna.
 34258 | Snake:1  | Found a transporter.
 34442 | Snake:1  | Noticed Mlioglotl
 34466 | Snake:1  | Killed Mlioglotl
 34467 | Snake:1  | Reached XP level 18. HP: 98/124 MP: 6/18
 34870 | Snake:1  | Received a gift from Trog
 35038 | Snake:1  | Found a transporter.
 35168 | Swamp:1  | Entered Level 1 of the Swamp
 35919 | Swamp:4  | Entered Level 4 of the Swamp
 36210 | Swamp:4  | Reached skill level 18 in Fighting
 36288 | Swamp:4  | Received a gift from Trog
 36710 | Swamp:4  | Noticed Bai Suzhen
 36758 | Swamp:4  | Killed Bai Suzhen
 36767 | Swamp:4  | Noticed the 27-headed Lernaean hydra
 37020 | Swamp:4  | Got a mossy gem with 380 turns to spare
 37023 | Swamp:4  | Got a decaying rune of Zot
 37687 | Swamp:3  | Reached skill level 20 in Axes
 37799 | Swamp:3  | Reached ****** piety under Trog
 38074 | Swamp:2  | Received a gift from Trog
 38421 | Swamp:2  | Reached XP level 19. HP: 119/130 MP: 19/19
 39311 | Elf:1    | Entered Level 1 of the Elven Halls
 39669 | Elf:3    | Entered Level 3 of the Elven Halls
 39699 | Elf:3    | Paralysed by an air elemental for 1 turns
 39974 | Elf:3    | Identified the +5 glaive "Newtbane" {flame, rN+}
 39974 | Elf:3    | Identified the +4 orcbow of Kexarut {antimagic, Will+
                  | Stlth+}
 39974 | Elf:3    | Identified the +6 chain mail of Circular Logic {Rampage
                  | Will+ Str-4 Dex+5}
 39977 | Elf:3    | Identified the +9 flail of Jyis {heavy, Int+3 Dex+3}
 40142 | Elf:3    | Identified the +9 spear of the Final Chapter {antimagic,
                  | Will+ Str+5 Dex-5}
 40148 | Elf:3    | Identified the +6 long sword "Gaggoc" {heavy, Str+3}
 40164 | Elf:3    | Received a gift from Trog
 40176 | Elf:3    | Got a shimmering gem with 990 turns to spare
 40228 | Elf:3    | Identified the +3 long sword of Wondrous Power {drain,
                  | rPois rN+ Dex+2}
 40231 | Elf:3    | Identified the staff of Zerawek {rC+ Str+3 SInv Ice}
 40343 | Elf:3    | Identified the +1 cloak of Exclusion {rElec rC+}
 40362 | Elf:3    | Identified the staff "Mes Jui" {rF+ MP-9 Dex+4 Fire}
 40931 | Elf:3    | Found a shimmering blue altar of Sif Muna.
 41671 | Elf:2    | Found a runed translucent gate.
 41679 | Elf:2    | Found a runed translucent gate.
 41679 | Elf:2    | Found a runed translucent gate.
 41695 | Elf:2    | Reached XP level 20. HP: 136/136 MP: 6/20
 41703 | Elf:2    | Noticed Roxanne
 41945 | Elf:2    | Reached skill level 18 in Armour
 41945 | Elf:2    | Reached skill level 18 in Shields
 41950 | Elf:2    | Found Qidafuuss's Book Shoppe.
 42379 | Elf:1    | Received a gift from Trog
 42664 | Elf:1    | Paralysed by an air elemental for 1 turns
 42807 | Elf:1    | Reached skill level 21 in Axes
 43311 | Vaults:1 | Entered Level 1 of the Vaults
 44043 | Vaults:1 | Received a gift from Trog
 44160 | Vaults:1 | Found Hutuv's Weapon Emporium.
 45466 | Vaults:2 | Noticed Asterion
 45742 | Vaults:2 | Slain by a +0 spectral demon trident

Illustrated notes

Levels and vault maps discovered:
D:1:      dpeg_arrival_tiny_g, layout_loops_corners, serial_shops, shop,
          st_stairs_14, kennysheep_boxes
D:2:      layout_basic, basic_altar
D:3:      kennysheep_goblin_castle, layout_basic
D:4:      layout_basic, yredelemnul_altar_generic,
          mainiacjoe_overflow_catch_the_wave, mainiacjoe_overflow_alcove_4,
          elyvilon_altar_5, gammafunk_ghost_necromancy, enter_ossuary_2,
          uniq_eustachio, uniq_grinder, uniq_robin
D:5:      layout_loops_corners, overflow_temple_1_default, serial_shops,
          nicolae_stop_n_shop_1, gup_sewer_entry_bowl, uniq_duvessa
D:6:      layout_loops_corners, vehumet_crystals, grunt_gozag_statues
D:7:      layout_basic, gammafunk_temple_overflow_forgotten, temple_hall,
          patterned_corridor
D:8:      layout_basic, nzn_wu_jian_contemplation, due_lair_maze_entry_diamond,
          minmay_misc_feat_doors, chequers_avenue
D:9:      layout_basic, orc_0_dummy, uniq_joseph, uniq_jeremiah, uniq_psyche
D:10:     layout_long_grid, lightli_temple_of_fire, tgw_fedhas,
          nicolae_hepliaklqana_monster_ancestors, grunt_decor_mini_mirrors
D:11:     layout_roguey, serial_undead, serial_undead_d, serial_undead_f,
          serial_undead_b, serial_undead_e
D:12:     dreamdust_labyrinth, layout_irregular_city,
          nrook_guardian_serpent_double, uniq_snorg, uniq_nessos
D:13:     layout_roguey, skrybe_vaults_entry_preservation
D:14:     layout_gridville, einodemon_crawler_minivault
D:15:     grunt_enter_depths_snipers, layout_cave_pools, serial_park_tiny_pond
Lair:1:   layout_big_grid, st_stairs_13, chequers_serial_rivers_large_b,
          grunt_megastairs_5, serial_bayou_shore_b
Lair:2:   layout_misc_corridors, grunt_megastairs_3
Lair:3:   layout_cave_pods, mainiacjoe_swamp_entry_angry_trees,
          minmay_snake_entry_six_corridors, serial_bayou_shore_a,
          grunt_megastairs_1, infiniplex_staircase_pool_2
Lair:4:   layout_roguey, portal_ice_cave_entry_pillars_2, lemuel_fruit_fields
Lair:5:   evil_forest, layout_regular_city, slime_entry_1, st_stairs_5
Swamp:1:  layout_falls_marsh, hangedman_swamp_diagram
Swamp:2:  layout_falls_marsh, nicolae_swamp_some_circles, swamp_pool_1_2,
          nicolae_swamp_little_swirl
Swamp:3:  layout_basic_swamp, evilmike_swamp_ruin_house_6, swamp_pool_3,
          nicolae_swamp_very_dense_foliage
Swamp:4:  swamp_basic_johnstein, layout_basic_swamp, swamp_pool_1_2,
          nicolae_swamp_long_stream, uniq_bai_suzhen
Snake:1:  gammafunk_sealed_library, layout_layer_cave, uniq_mlioglotl
Snake:2:  layout_grid_maze
Snake:3:  layout_cave_shapes, basic_altar, nicolae_shop_i_like_big_books,
          minmay_snake_pond
Snake:4:  snake_pit, layout_chambers, nicolae_shop_overcharged_wands
Orc:1:    layout_diamond_mine, nicolae_volcano_entry_s_turn, serial_shops, shop,
          uniq_erolcha
Orc:2:    grunt_orc_cross, layout_caves, einodemon_barbed_minivault
Elf:1:    layout_loops_corners, guppyfry_library_mini
Elf:2:    elven_hall_of_blades_hangedman_original [nicolae_blade_tridents],
          layout_geoelf_grid, serial_shops, nicolae_shop_tiny_glass,
          uniq_roxanne
Elf:3:    minmay_elf_hall_statues, layout_geoelf_diagonals, basic_altar
Vaults:1: nicolae_vaults_little_squares_3, hangedman_vaults_capsules,
          nicolae_vaults_trapezoid_3, nicolae_vaults_meiosis,
          ontoclasm_vaults_ring_small, nicolae_vaults_mini_display_case,
          vaults_dpeg_hooks, nicolae_vaults_little_squares_6,
          nicolae_vaults_six-pack, vaults_room_stairs_pillars,
          ontoclasm_vaults_gateway, nicolae_vaults_storage_closets_1,
          layout_vaults_omnigrid, serial_shops, shop
Vaults:2: nicolae_vaults_yaktaur_gun_rack, dpeg_vaults_monster_row,
          vaults_room_grunt_arrival_ludios, v_misc_14,
          nicolae_vaults_steering_wheel, grunt_vaults_trifunnel,
          nicolae_vaults_house_3, v_pattern_2, nicolae_vaults_double_plus_2,
          v_misc_8, nicolae_vaults_trapezoid_lopsided_3,
          nicolae_vaults_tetromino_T_1, layout_vaults_big_room, uniq_asterion

Skill      XL: |  1  2  3  4  5  6  7  8  9 10 11 12 13 14 15 16 17 18 19 20 |
---------------+-------------------------------------------------------------+-----
Axes           | 3 4 5 6 8 9 10 12 13 15 17 18 19 20 21 | 21.0
Fighting       | 4 5 6 8 9 11 12 14 15 17 18 19 | 19.4
Armour         | 3 4 5 6 7 8 10 11 12 13 14 15 16 17 18 | 18.0
Shields        | 2 4 5 6 8 9 11 13 14 15 16 17 19 | 19.4
Dodging        | |  1.5

Action                     |  1- 3 |  4- 6 |  7- 9 | 10-12 | 13-15 | 16-18 | 19-21 || total
---------------------------+-------+-------+-------+-------+-------+-------+-------++-------
  Melee: Hand axe          |   139 |   160 |   490 |       |       |    55 |       ||   844
         Morningstar       |       |       |    12 |       |    13 |       |       ||    25
         War axe           |       |       |    89 |    32 |       |       |       ||   121
         Broad axe         |       |       |       |   569 |  1204 |  1757 |  1279 ||  4809
  Throw: Boomerang         |       |       |     3 |     3 |    44 |    16 |       ||    66
         Dart              |       |       |       |     4 |    13 |     3 |       ||    20
         Javelin           |       |       |       |       |     6 |       |       ||     6
         Throwing net      |       |       |       |       |     1 |       |       ||     1
 Invoke: Berserk           |       |     3 |     4 |     7 |     8 |    12 |     1 ||    35
         Trog's Hand       |       |       |     2 |     3 |     6 |     3 |     6 ||    20
         Brothers in Arms  |       |       |       |     1 |     3 |     3 |     3 ||    10
  Evoke: Lightning rod     |       |       |     1 |       |    17 |       |       ||    18
         Wand              |       |       |       |       |    41 |     5 |       ||    46
         Phial of floods   |       |       |       |       |       |     1 |       ||     1
         Condenser vane    |       |       |       |       |       |     1 |       ||     1
    Use: Scroll            |       |       |    10 |     5 |    11 |    23 |     9 ||    58
         Potion            |       |       |       |       |     2 |     7 |     7 ||    16
 Armour: Animal skin       |    10 |       |       |       |       |       |       ||    10
         Leather armour    |    12 |       |       |       |       |       |       ||    12
         Chain mail        |    62 |   182 |   361 |   457 |   608 |       |       ||  1670
         Skin              |       |       |       |       |     5 |       |       ||     5
         Crystal plate arm |       |       |       |       |   432 |  1611 |   948 ||  2991
         Ring mail         |       |       |       |       |    34 |       |       ||    34
  Dodge: Dodged            |    72 |    97 |   316 |   398 |   737 |   380 |   155 ||  2155
  Block: Kite shield       |       |       |   175 |   352 |   801 |   242 |       ||  1570
         Tower shield      |       |       |       |       |       |  1319 |   985 ||  2304

Table legend: (Time is in decaauts)
 A = Elapsed time spent in this place.
 B = Non-inter-level travel time spent in this place.
 C = Inter-level travel time spent in this place.
 D = Time resting spent in this place.
 E = Time spent auto-exploring this place.
 F = Levels seen in this place.
 G = Mean time per level.
                   A        B        C        D        E       F      G
               +--------+--------+--------+--------+--------+-----+--------+
         Total |  45659 |  42660 |   2999 |   4225 |  26901 |  39 | 1170.7 |
       Dungeon |  19478 |  18135 |   1343 |   2626 |  11602 |  15 | 1298.5 |
          Lair |   6538 |   5948 |    590 |    256 |   4378 |   5 | 1307.6 |
         Swamp |   3486 |   3388 |     98 |    187 |   1804 |   4 |  871.5 |
     Snake Pit |   5041 |   4596 |    445 |    171 |   3010 |   4 | 1260.2 |
  Orcish Mines |   2754 |   2453 |    301 |    374 |   1388 |   2 | 1377.0 |
   Elven Halls |   3684 |   3488 |    196 |     16 |   2183 |   3 | 1228.0 |
        Vaults |   2337 |   2314 |     23 |    327 |   1422 |   2 | 1168.5 |
         Sewer |    427 |    427 |      0 |      0 |    179 |   1 |  427.0 |
       Ossuary |    721 |    721 |      0 |     55 |    335 |   1 |  721.0 |
      Ice Cave |    780 |    780 |      0 |     99 |    480 |   1 |  780.0 |
       Volcano |    409 |    409 |      0 |    110 |    119 |   1 |  409.0 |
               +--------+--------+--------+--------+--------+-----+--------+

Top non-repeatable levels by time:
    D:12: 2178 daAuts
    D:14: 2014 daAuts
  Lair:3: 1977 daAuts
 Snake:1: 1846 daAuts
Vaults:1: 1845 daAuts
  Lair:5: 1783 daAuts
   Orc:2: 1630 daAuts
     D:8: 1588 daAuts
    D:15: 1468 daAuts
   Elf:3: 1456 daAuts
 Snake:4: 1448 daAuts
 Swamp:4: 1341 daAuts
   Elf:1: 1318 daAuts
     D:9: 1298 daAuts
    D:11: 1283 daAuts
